 Dungeon Crawl Stone Soup version 0.31-a0-267-g3fc6992b3b (webtiles) character file.

Game seed: 6831840024306579488

9767 AIAndy the Grappler (level 11, -4/136 (144) HPs)
             Began as a Naga Shapeshifter on July 13, 2023.
             Was a Priest of Cheibriados.
             Slain by a tengu reaver
             ... wielding a +0 bardiche
              (26 damage)
             ... on level 11 of the Dungeon on July 14, 2023.
             The game lasted 01:05:34 (9695 turns).

AIAndy the Grappler (Naga Shapeshifter)             Turns: 9695, Time: 01:05:34

HP:   -4/136 (144)  AC:  1    Str: 34    XL:     11   Next: 51%
MP:   14/14         EV: 12    Int: 23    God:    Cheibriados [***...]
Gold: 434           SH:  0    Dex: 18    Spells: 10/10 levels left

rFire   . .          .
                       - Unarmed
rCold   . . .        (no shield)
rNeg    . . .        L - +0 troll leather armour
rPois   +            (helmet currently unavailable)
rElec   .            (cloak currently unavailable)
rCorr   .            (gloves currently unavailable)
SInv    +            (no barding)
Will    +....        p - amulet of Vitality {RegenMP++ Regen++} Stlth
                     I - +6 ring of intelligence
HPRegen 2.82/turn    S - +6 ring of strength
MPRegen 0.94/turn

%: no passive effects
@: berserking, beast-form, corroded, drained, very slow
A: beast (slay +6), AC +3, large, see invisible, deformed body, poison
resistance, slowness 2, spit poison 1, naga tail 1
a: Spit Poison, Begin Untransformation, Renounce Religion, Bend Time, Temporal
Distortion


You were on level 11 of the Dungeon.
You worshipped Cheibriados.
Cheibriados was most pleased with you.
You were a hulking beast.
You visited 2 branches of the dungeon, and saw 12 of its levels.
You also visited: Sewer.

You collected 590 gold pieces.
You spent 156 gold pieces at shops.


Innate Abilities, Weirdness & Mutations

You are a hulking beast.
Your limbs bulge with bestial killing power. (Slay +6)
Your serpentine skin is tough. (AC +3)
You have supernaturally acute eyesight. (SInv)
Armour fits poorly on your strangely shaped body.
Your system is resistant to poisons. (rPois)
You cover ground very slowly.
You can spit poison.
You have a snake-like lower body.


   Skills:
 - Level 5.6 Fighting
 - Level 4.7 Dodging
 + Level 11.1 Unarmed Combat
 + Level 5.2 Invocations
 + Level 9.7 Shapeshifting


You had 10 spell levels left.
You didn't know any spells.
Your spell library contained the following spells:

 Spells                   Type           Power      Damage    Failure   Level
 Shock                    Conj/Air       0%         1d3       17%         1
 Ozocubu's Armour         Ice            0%         N/A       45%         3
 Swiftness                Air            0%         N/A       45%         3
 Airstrike                Air            0%         2d(0-16)  86%         4
 Ozocubu's Refrigeration  Ice            0%         4d7       100%        7

Inventory:

Hand Weapons
 i - a +1 vampiric dagger
 E - a +2 whip of electrocution
Armour
 m - a +0 cloak
 w - a +2 robe of cold resistance
 B - a +0 pair of gloves
 D - a +1 ring mail of willpower
 J - +0 steam dragon scales
 L - a +0 troll leather armour (worn)
 O - a +0 buckler
 P - a +1 scale mail of fire resistance
Jewellery
 p - the amulet of Vitality (around neck) {RegenMP++ Regen++}
   (You found it on level 3 of the Dungeon)

   [amulet of magic regeneration]

   It increases your rate of magic regeneration.
   Regen:     It increases your rate of health regeneration.
 A - an amulet of the acrobat
 C - a ring of ice
 F - a ring of fire
 H - an amulet of faith {!P}
 I - a +6 ring of intelligence (left hand)
 R - a ring of resist corrosion
 S - a +6 ring of strength (right hand)
 W - a ring of magical power
Talismans
 c - a beast talisman
Wands
 k - a wand of mindburst (24)
 l - a wand of iceblast (19)
 t - a wand of flame (20)
 N - a wand of digging (3)
 Q - a wand of polymorph (8)
Scrolls
 a - a scroll of brand weapon {unknown}
 b - 3 scrolls of immolation {!r}
 e - a scroll of vulnerability {unknown}
 f - a scroll of amnesia {unknown}
 g - 3 scrolls of fog
 h - a scroll of torment {unknown}
 n - a scroll of revelation {unknown}
 q - a scroll of blinking
 s - a scroll of enchant weapon
 u - a scroll of enchant armour
 x - 2 scrolls of butterflies
Potions
 d - 5 potions of ambrosia
 j - 10 potions of curing {@q1}
 o - 3 potions of mutation {!q}
 v - 3 potions of attraction {!q}
 z - a potion of heal wounds {@q2}
Miscellaneous
 r - a phial of floods (inert)
 G - a lightning rod (3/4)

Dungeon Overview and Level Annotations

Branches:
Dungeon (11/15)            Temple (1/1) D:7           Sewer (visited)
   Lair: D:8-11         Orc: D:9-12

Altars:
Ashenzari
Cheibriados
Dithmenos
Elyvilon
Fedhas
Gozag
Hepliaklqana
Kikubaaqudgha
Makhleb
Nemelex Xobeh
Okawaru
Qazlal
Ru
Sif Muna
Trog
Uskayaw
Vehumet
Wu Jian
Xom
Yredelemnul
Zin
The Shining One

Shops:
D:5 *   D:7 [   D:9 *   D:10 =[**(

Annotations:
D:2 1 runed translucent door, Crazy Yiuf
D:7 Maggie

.. ......#.#.##.. ...
#.....#.#..... ... #..)..#
#~~... ... #.....#.##~### #'#
#........T§~~~
##.#####....#.######
#................
######.Q######.#.#.###
####...##..h......#.# #
#......##..#...####.# #
#.#....'...#...####.#.# ##
######.#....##.##........#.##..
............##.# #.#.#.........
######.##...##.# #.#.#.........
#.##...##.# #.#.#.........
#.###.###.###.#†#........#
#.###.###.....#.......#


You could see a tengu reaver.


Message History

Cheibriados forces you to slow down.
You feel mighty! The tengu reaver barely misses you.
The tengu reaver pecks you! The tengu reaver claws you!
You hit the tengu reaver.
The tengu reaver is lightly wounded.
The tengu reaver casts a spell at you. The bolt of negative energy hits you!!
You feel drained.
You closely miss the tengu reaver.
The tengu reaver is lightly wounded.
The tengu reaver hits you with a +0 bardiche!
* * * LOW HITPOINT WARNING * * *
The tengu reaver pecks you.
* * * LOW HITPOINT WARNING * * *
The tengu reaver claws you.
* * * LOW HITPOINT WARNING * * *
You punch the tengu reaver!
The tengu reaver is moderately wounded.
You have got your breath back.
The tengu reaver hits you with a +0 bardiche!!!
* * * LOW HITPOINT WARNING * * *
The tengu reaver pecks you.
* * * LOW HITPOINT WARNING * * *
The tengu reaver claws you but does no damage.
You closely miss the tengu reaver.
You punch the tengu reaver, but do no damage.
The tengu reaver is moderately wounded.
You barely miss the tengu reaver. You punch the tengu reaver.
The tengu reaver is moderately wounded.
The tengu reaver hits you with a +0 bardiche!!
You die...

Skill      XL: |  1  2  3  4  5  6  7  8  9 10 11 |
---------------+----------------------------------+-----
Unarmed Combat | 3 4 5 6 8 9 10 11 | 11.1
Shapeshifting  | 4 5 6 7 8 9 |  9.7
Dodging        | 3 4 |  4.7
Fighting       | 4 5 |  5.6
Invocations    | 2 5 |  5.2

Action                     |  1- 3 |  4- 6 |  7- 9 | 10-12 || total
---------------------------+-------+-------+-------+-------++-------
  Melee: Unarmed           |    91 |   119 |   271 |   233 ||   714
         Punch             |       |     4 |     9 |    21 ||    34
 Invoke: Bend Time         |       |       |       |     1 ||     1
Ability: Spit Poison       |     4 |    32 |    61 |    21 ||   118
  Evoke: Wand              |       |       |       |    13 ||    13
         Lightning rod     |       |       |       |     3 ||     3
         Phial of floods   |       |       |       |     1 ||     1
    Use: Potion            |       |     1 |     4 |     6 ||    11
         Scroll            |       |       |    16 |    10 ||    26
   Stab: Sleeping          |     2 |       |       |       ||     2
         Invisible         |       |       |       |     2 ||     2
 Armour: Animal skin       |     7 |    10 |    55 |     8 ||    80
         Skin              |       |     5 |       |       ||     5
         Troll leather arm |       |       |       |    29 ||    29
  Dodge: Dodged            |    43 |    53 |   108 |   160 ||   364

Levels and vault maps discovered:
D:1:      dpeg_arrival_brainrot, layout_basic, dreamdust_ecumenical_altar_grove
D:2:      layout_basic, minmay_misc_feat_pillars, uniq_crazy_yiuf_cottage
D:3:      wad_lake_hut, layout_loops_ring
D:4:      layout_cave_pools, kennysheep_cross_bottleneck, uniq_natasha,
          uniq_duvessa, uniq_eustachio
D:5:      layout_loops_ring, serial_shops, nicolae_shop_tiny_glass,
          cheibrodos_sewer_entry_drain, kennysheep_generic_room_2
D:6:      layout_basic, kennysheep_generic_room_9
D:7:      kennysheep_kobold_camp, layout_rooms,
          minmay_temple_entry_statues_pillars, serial_shops, kennysheep_mini,
          uniq_joseph, uniq_maggie, uniq_menkaure
D:8:      layout_basic, mainiacjoe_overflow_catwalk, uniq_maurice
D:9:      layout_loops_ring, general_overflow_altar, serial_shops, shop,
          nicolae_diode_intersection
D:10:     layout_loops_cross, serial_shops, nicolae_square_shop, shop_statue,
          shop, shop, shop_fountains
D:11:     minmay_glassy_protrusions, layout_basic, david_lair_shrubbed,
          minmay_fractal_squares_diagonal_5
Temple:   mainiacjoe_temple_big_plus

Notes
Turn   | Place    | Note
-------+----------+-------------------------------------------
     0 | D:1      | AIAndy the Naga Shapeshifter began the quest for the Orb.
     0 | D:1      | Reached XP level 1. HP: 19/19 MP: 1/1
   141 | D:1      | Reached XP level 2. HP: 17/26 MP: 2/2
   634 | D:1      | Found a faded altar of an unknown god.
   902 | D:1      | Reached XP level 3. HP: 21/32 MP: 3/3
  1129 | D:2      | Reached skill level 3 in Unarmed Combat
  1431 | D:2      | Reached XP level 4. HP: 29/39 MP: 4/4
  1912 | D:2      | Found a runed translucent door.
  1913 | D:2      | Noticed Crazy Yiuf
  2357 | D:3      | Found the amulet of Vitality {RegenMP++ Regen++}
  2397 | D:3      | Reached skill level 4 in Shapeshifting
  2397 | D:3      | Reached XP level 5. HP: 45/45 MP: 5/5
  2433 | D:3      | Reached skill level 4 in Unarmed Combat
  2909 | D:4      | Reached XP level 6. HP: 38/52 MP: 6/6
  2991 | D:4      | Noticed Dowan
  2991 | D:4      | Noticed Duvessa
  3009 | D:4      | Killed Dowan
  3017 | D:4      | Killed Duvessa
  3018 | D:4      | Reached skill level 5 in Unarmed Combat
  3018 | D:4      | Reached skill level 5 in Shapeshifting
  3065 | D:4      | Reached XP level 7. HP: 60/60 MP: 7/7
  3197 | D:4      | Noticed Eustachio
  3226 | D:4      | Killed Eustachio
  3340 | D:4      | Noticed Natasha
  3347 | D:4      | Killed Natasha
  3433 | D:4      | Noticed Natasha
  3444 | D:4      | Killed Natasha
  3576 | D:4      | Noticed Natasha
  3582 | D:4      | Killed Natasha
  3583 | D:4      | Reached skill level 6 in Unarmed Combat
  3605 | D:5      | Entered Level 5 of the Dungeon
  3605 | D:5      | Found Muost's Assorted Antiques.
  3612 | D:5      | Bought a scroll labelled FINUTU FEPLA for 23 gold pieces
  3612 | D:5      | Bought a scroll labelled UTOEKU IPELA for 23 gold pieces
  3612 | D:5      | Bought a scroll labelled PICEUSSEDOEL for 23 gold pieces
  3612 | D:5      | Bought a scroll labelled FINUTU FEPLA for 23 gold pieces
  3612 | D:5      | Bought a grey potion for 20 gold pieces
  3771 | D:5      | Reached skill level 6 in Shapeshifting
  3771 | D:5      | Reached XP level 8. HP: 35/67 MP: 8/8
  3864 | D:5      | Found a glowing drain.
  3875 | Sewer    | Entered a sewer
  3936 | Sewer    | Reached skill level 7 in Unarmed Combat
  4464 | D:5      | Reached skill level 7 in Shapeshifting
  4852 | D:6      | Reached skill level 8 in Unarmed Combat
  4963 | D:6      | Reached XP level 9. HP: 67/73 MP: 9/9
  5442 | D:6      | Reached skill level 2 in Dodging
  5521 | D:7      | Noticed Joseph
  5521 | D:7      | Found a staircase to the Ecumenical Temple.
  5534 | D:7      | Killed Joseph
  5535 | D:7      | Reached skill level 3 in Fighting
  5558 | D:7      | Noticed Maggie
  5592 | D:7      | Found Beimoede's Antique Armour Emporium.
  5665 | D:7      | Noticed Menkaure
  5676 | D:7      | Killed Menkaure
  6071 | D:7      | Reached skill level 3 in Dodging
  6381 | Temple   | Entered the Ecumenical Temple
  6828 | Temple   | Became a worshipper of Cheibriados the Contemplative
  6984 | D:8      | Noticed Maurice
  6991 | D:8      | Killed Maurice
  6992 | D:8      | Reached skill level 4 in Fighting
  6992 | D:8      | Reached skill level 9 in Unarmed Combat
  7054 | D:8      | Found a glowing silver altar of Zin.
  7063 | D:8      | Reached skill level 8 in Shapeshifting
  7131 | D:8      | Reached XP level 10. HP: 40/87 MP: 10/10
  7371 | D:8      | Reached * piety under Cheibriados
  7754 | D:9      | Reached skill level 4 in Dodging
  7796 | D:9      | Found a transporter.
  7849 | D:9      | Reached skill level 5 in Fighting
  7889 | D:9      | Found a transporter.
  7957 | D:9      | Noticed a two-headed ogre
  7996 | D:9      | Killed a two-headed ogre
  8071 | D:9      | Reached ** piety under Cheibriados
  8288 | D:9      | Found Qijog's General Store.
  8289 | D:9      | Found a transporter.
  8294 | D:9      | Bought a scroll of identify for 22 gold pieces
  8296 | D:9      | Bought a scroll of identify for 22 gold pieces
  8303 | D:9      | Found a transporter.
  8382 | D:9      | Found a stormy altar of Qazlal.
  8612 | D:10     | Entered Level 10 of the Dungeon
  8622 | D:10     | HP: 6/90 [troll (6)]
  8629 | D:10     | Reached skill level 10 in Unarmed Combat
  8629 | D:10     | Reached skill level 1 in Invocations
  8758 | D:10     | Found Nuontin's Antique Armour Emporium.
  8779 | D:10     | Reached skill level 2 in Invocations
  8791 | D:10     | Reached skill level 9 in Shapeshifting
  8798 | D:10     | Reached XP level 11. HP: 42/96 MP: 11/13
  8801 | D:10     | Reached skill level 3 in Invocations
  8863 | D:10     | Found Nownasof's Jewellery Shop.
  8907 | D:10     | Reached *** piety under Cheibriados
  8919 | D:10     | Reached skill level 4 in Invocations
  8993 | D:10     | Found Atoahius's Assorted Antiques.
  9055 | D:10     | Found Peari's Antique Weapon Boutique.
  9056 | D:10     | Found Jeromuri's General Store.
  9129 | D:10     | Noticed a two-headed ogre
  9137 | D:10     | Killed a two-headed ogre
  9138 | D:10     | Reached skill level 11 in Unarmed Combat
  9138 | D:10     | Reached skill level 5 in Invocations
  9477 | D:11     | Noticed a deep troll
  9477 | D:11     | Noticed a fire giant
  9485 | D:11     | HP: 8/96 [deep troll (3)]
  9611 | D:11     | HP: 9/96 [deep troll (8)]
  9687 | D:11     | Noticed a tengu reaver
  9695 | D:11     | Slain by a tengu reaver

Vanquished Creatures
  2 two-headed ogres
  Joseph (D:7)
  Maurice (D:8)
  An efreet (D:11)
  2 trolls
  A hornet (D:9)
  A wraith (D:10)
  14 yaks
  2 wyverns
  2 steam dragons
  5 vampire mosquitoes
  Eustachio (D:4)
  Menkaure (D:7)
  A water moccasin (Sewer)
  3 orc warriors
  Duvessa (D:4)
  3 ice beasts (D:5)
  3 ogres
  A phantom (D:6)
  2 kobold brigands
  2 bullfrogs
  3 gnoll sergeants
  3 scorpions
  Dowan (D:4)
  4 killer bees (D:10)
  7 howler monkeys
  3 electric eels (D:8)
  5 orc priests
  3 hounds
  4 jellies
  A gnoll bouda (D:6)
  9 iguanas
  Natasha (thrice) (D:4)
  6 orc wizards
  19 gnolls
  11 adders
  A white imp (D:5)
  3 worms
  3 dart slugs
  22 orcs
  4 bats
  9 endoplasms
  4 giant cockroaches
  5 goblins
  9 hobgoblins
  4 jackals (D:5)
  2 quokkas (D:1)
  11 ball pythons
  2 frilled lizards
  32 kobolds
  4 rats
247 creatures vanquished.

Table legend: (Time is in decaauts)
 A = Elapsed time spent in this place.
 B = Non-inter-level travel time spent in this place.
 C = Inter-level travel time spent in this place.
 D = Time resting spent in this place.
 E = Time spent auto-exploring this place.
 F = Levels seen in this place.
 G = Mean time per level.
                   A        B        C        D        E       F      G
               +--------+--------+--------+--------+--------+-----+--------+
         Total |  14046 |  13006 |   1040 |    137 |  10322 |  13 | 1080.5 |
       Dungeon |  13219 |  12308 |    911 |    128 |   9692 |  11 | 1201.7 |
        Temple |    670 |    541 |    129 |      0 |    531 |   1 |  670.0 |
         Sewer |    156 |    156 |      0 |      9 |     99 |   1 |  156.0 |
               +--------+--------+--------+--------+--------+-----+--------+

Top non-repeatable levels by time:
     D:9: 1671 daAuts
    D:10: 1391 daAuts
     D:5: 1371 daAuts
     D:8: 1344 daAuts
     D:2: 1287 daAuts
     D:1: 1222 daAuts
     D:3: 1170 daAuts
     D:7: 1162 daAuts
     D:6: 1002 daAuts
     D:4: 995 daAuts
  Temple: 670 daAuts
    D:11: 600 daAuts
   Sewer: 156 daAuts

Table legend:
 A = Non-vault XP
 B = Vault XP
 C = Vault XP percentage of total XP
 D = Non-vault monster count
 E = Vault monster count
 F = Vault count percentage of total count
                 A         B        C        D         E       F
            +---------+---------+-------+---------+---------+-------
      Total |   11115 |    2839 |  20.3 |     209 |      38 |  15.4
            +---------+---------+-------+---------+---------+-------
        D:1 |      35 |       0 |   0.0 |      22 |       0 |   0.0
        D:2 |      55 |       0 |   0.0 |      12 |       0 |   0.0
        D:3 |     180 |       0 |   0.0 |      24 |       0 |   0.0
        D:4 |     286 |     419 |  59.4 |      24 |       4 |  14.3
        D:5 |     776 |     261 |  25.2 |      24 |       5 |  17.2
        D:6 |     467 |     101 |  17.8 |      10 |       1 |   9.1
        D:7 |     354 |     749 |  67.9 |      13 |      23 |  63.9
        D:8 |     928 |     433 |  31.8 |      19 |       1 |   5.0
        D:9 |    2460 |       0 |   0.0 |      26 |       0 |   0.0
       D:10 |    5574 |       0 |   0.0 |      35 |       0 |   0.0
       D:11 |       0 |     719 | 100.0 |       0 |       3 | 100.0
      Sewer |       0 |     157 | 100.0 |       0 |       1 | 100.0
            +---------+---------+-------+---------+---------+-------
